 Dungeon Crawl Stone Soup version 0.29-a0-322-g68df515428 (webtiles) character file.

Game seed: 544835833450950427

117 RepHenryClay the Conjurer (level 4, -7/24 HPs)
             Began as a Deep Elf Conjurer on Apr 9, 2022.
             Mangled by Terence
             ... wielding a +0 flail
              (10 damage)
             ... on level 2 of the Dungeon.
             The game lasted 00:02:20 (1223 turns).

RepHenryClay the Conjurer (Deep Elf Conjurer)       Turns: 1223, Time: 00:02:21

Health: -7/24      AC:  2    Str: 10    XL:     4   Next: 71%
Magic:  4/10       EV: 12    Int: 23    God:
Gold:   76         SH:  0    Dex: 15    Spells: 8/9 levels left

rFire   . . .      SeeInvis .   (no weapon)
rCold   . . .      Faith    .   (no shield)
rNeg    . . .      Spirit   .   a - +0 robe
rPois   .          Reflect  .   (no helmet)
rElec   .          Harm     .   (no cloak)
rCorr   .          Rampage  .   (no gloves)
Will    .....                   (no boots)
Stlth   ++........              (no amulet)
HPRegen 0.08/turn               h - +6 ring of strength
MPRegen 0.12/turn               (no ring)

@: no status effects
A: no striking features
a: no special abilities


You were on level 2 of the Dungeon.
You visited 1 branch of the dungeon, and saw 2 of its levels.

You collected 76 gold pieces.

Inventory:

Armour
 a - a +0 robe (worn)
Magical Staves
 i - a staff of cold
Jewellery
 h - a +6 ring of strength (left hand)
Scrolls
 e - a scroll of fog {unknown}
 f - a scroll of identify {unknown}
 g - 2 scrolls of silence {unknown}
 j - a scroll of magic mapping {unknown}
 k - a scroll of blinking {unknown}
 n - a scroll of enchant armour {unknown}
Potions
 b - a potion of magic
 c - 2 potions of curing
 d - a potion of brilliance {unknown}
 l - a potion of mutation {unknown}
 m - a potion of haste {unknown}


   Skills:
 - Level 2.6 Dodging
 - Level 2.7 Stealth
 - Level 3.2 Spellcasting
 + Level 6.4 Conjurations


You had 8 spell levels left.
You knew the following spells:

 Your Spells              Type           Power      Damage    Failure   Level
a - Magic Dart            Conj           100%       1d8       1%          1

Your spell library contained the following spells:

 Spells                   Type           Power      Damage    Failure   Level
 Searing Ray              Conj           66%        2d6       1%          2
 Dazzling Flash           Conj/Hex       36%        N/A       9%          3
 Fulminant Prism          Conj/Hex       9%         3d7       30%         4
 Iskenderun's Mystic Bla  Conj/Tloc      18%        2d6       30%         4


Dungeon Overview and Level Annotations

Branches:
Dungeon (2/15)

Altars:

Annotations:
D:2 Terence


Message History

Aiming: Magic Dart (safe; 1% risk of failure)
Press: ? - help, Shift-Dir - straight line, f/p - Terence
Aim: Terence, wielding a +0 flail and wearing a +0 ring mail (heavily wounded, 100% to hit)
The magic dart hits Terence.
Terence is heavily wounded.
Casting: Magic Dart (safe; 1% risk of failure)
Confirm with . or Enter, or press ? or * to list all spells.
Aiming: Magic Dart (safe; 1% risk of failure)
Press: ? - help, Shift-Dir - straight line, f/p - Terence
Aim: Terence, wielding a +0 flail and wearing a +0 ring mail (heavily wounded, 100% to hit)
The magic dart hits Terence.
Terence is severely wounded.
Terence hits you with a +0 flail.
Huge Dmg: -25%(-6hp) hp: 75%(18hp)
Casting: Magic Dart (safe; 1% risk of failure)
Confirm with . or Enter, or press ? or * to list all spells.
Aiming: Magic Dart (safe; 1% risk of failure)
Press: ? - help, Shift-Dir - straight line, f/p - Terence
Aim: Terence, wielding a +0 flail and wearing a +0 ring mail (severely wounded, 100% to hit)
The magic dart hits Terence but does no damage.
Terence is severely wounded.
Terence hits you with a +0 flail!
Huge Dmg: -33%(-8hp) hp: 42%(10hp)
Casting: Magic Dart (safe; 1% risk of failure)
Confirm with . or Enter, or press ? or * to list all spells.
Aiming: Magic Dart (safe; 1% risk of failure)
Press: ? - help, Shift-Dir - straight line, f/p - Terence
Aim: Terence, wielding a +0 flail and wearing a +0 ring mail (severely wounded, 100% to hit)
The magic dart hits Terence.
Terence is severely wounded.
Terence drinks a potion.
Terence is healed!
Unknown command.
A kobold comes into view.
It is wielding a +0 short sword and wearing the +0 robe "Nuwos" {-Tele Regen+ Int+4 SInv}.
Terence attacks as you move away! Terence misses you.
Terence attacks as you move away! Terence hits you with a +0 flail!
* * * LOW HITPOINT WARNING * * *
Huge Dmg: -29%(-7hp) hp: 13%(3hp) Terence attacks as you move away!
Terence closely misses you. Terence attacks as you move away!
Terence hits you with a +0 flail!
You die...

#.# #....................##
#.# #....#................
#.# #...................##
#.# #...........[.......#
#.# #...................##
#.# #...............##...###
#.# #..............)..##...#
#.# #......@.....###.....#.#
#.###..(..@###...# ##..#.(..
#..##....#<........###†#....
##..#....#..................
#.........####.##.....###..
#.......### #.# ..........
#...##### #<. ..........
#...# #####........ #...#
##.....#. ##### #.......


You could see Terence.

Vanquished Creatures
  Natasha (thrice) (D:2)
  An adder (D:2)
  A dart slug (D:1)
  4 ball pythons
  4 bats (D:1)
  2 endoplasms (D:1)
  2 giant cockroaches (D:1)
  4 goblins
  5 hobgoblins
  2 quokkas (D:1)
  2 kobolds
  2 rats
32 creatures vanquished.

Notes
Turn   | Place    | Note
-------+----------+-------------------------------------------
     0 | D:1      | RepHenryClay the Deep Elf Conjurer began the quest for the
                  | Orb.
     0 | D:1      | Reached XP level 1. HP: 10/10 MP: 6/6
   341 | D:1      | Reached XP level 2. HP: 15/15 MP: 5/8
   594 | D:1      | Found a faded altar of an unknown god.
   643 | D:1      | Reached skill level 5 in Conjurations
   801 | D:2      | Noticed Natasha
   808 | D:2      | Killed Natasha
   809 | D:2      | Reached XP level 3. HP: 19/19 MP: 3/9
   861 | D:2      | Noticed Natasha
   870 | D:2      | Killed Natasha
   871 | D:2      | Reached skill level 6 in Conjurations
   871 | D:2      | Reached XP level 4. HP: 24/24 MP: 2/10
  1043 | D:2      | Noticed Natasha
  1050 | D:2      | Killed Natasha
  1195 | D:2      | Noticed Terence
  1218 | D:2      | Identified the +0 robe "Nuwos" {-Tele Regen+ Int+4 SInv}
  1223 | D:2      | Mangled by Terence

Illustrated notes

Levels and vault maps discovered:
D:1:      dpeg_arrival_three_same_balls, layout_basic,
          hellmonk_ecumenical_altar_pennies_from_heaven
D:2:      layout_rooms, lemuel_flame_loot_1, uniq_natasha, uniq_terence

Skill      XL: |  1  2  3 |
---------------+----------+-----
Conjurations   | 5 6 |  6.4
Dodging        | |  2.6
Stealth        | |  2.7
Spellcasting   | |  3.2

Action                   |  1- 3 |  4- 6 || total
-------------------------+-------+-------++-------
 Cast: Magic Dart        |    49 |    21 ||    70
Armor: Robe              |     3 |       ||     3
Dodge: Dodged            |     2 |     2 ||     4

Table legend: (Time is in decaauts)
 A = Elapsed time spent in this place.
 B = Non-inter-level travel time spent in this place.
 C = Inter-level travel time spent in this place.
 D = Time resting spent in this place.
 E = Time spent auto-exploring this place.
 F = Levels seen in this place.
 G = Mean time per level.
                   A        B        C        D        E       F      G
               +--------+--------+--------+--------+--------+-----+--------+
         Total |   1224 |   1224 |      0 |     64 |    983 |   2 |  612.0 |
       Dungeon |   1224 |   1224 |      0 |     64 |    983 |   2 |  612.0 |
               +--------+--------+--------+--------+--------+-----+--------+

Top non-repeatable levels by time:
     D:1: 864 daAuts
     D:2: 360 daAuts
